AoeStats
← Sahnehäubchen

Arabia

508284685Analyzed
1v1 RM · 11d ago on Sep 21, 2026· 53m 41s· 2 players
Game mode
Random Map
Map size
Tiny (2 player)
Population
200
Speed
Normal
Resources
Standard
Victory
Conquest
Starting age
Dark Age
Ending age
Imperial Age
RankedLock teamsTeams togetherTeam positionsShared explorationLock speedFull tech treeHidden civsTurbo modeCheats
Victory
Defeat
🇪🇸 Khmer · Spain
996
+17
🇦🇹 Ethiopians · Austria
1024
-17
leslie
10:43 Loom
13:40 Feudal Age
16:21 Castle Age
19:05 Horse Collar
20:08 Double-Bit Axe
25:23 Fletching
30:58 Wheelbarrow
30:10 Town Watch
31:18 Bow Saw
31:10 Heavy Plow
31:04 Stone Mining
31:04 Gold Mining
31:11 Gold Mining
32:40 Bodkin Arrow
35:51 Imperial Age
36:20 Hand Cart
36:29 Hand Cart
36:45 Ballistics
36:32 Double Crossbow
36:02 Heavy Scorpion
38:52 Chemistry
38:37 Forging
38:33 Scale Barding Armor
39:47 Conscription
41:42 Bloodlines
41:33 Husbandry
40:53 Elite Battle Elephant
41:13 Capped Ram
43:03 Chain Barding Armor
43:19 Iron Casting
45:54 Plate Barding Armor
47:48 Gold Shaft Mining
47:45 Crop Rotation
48:21 Blast Furnace
50:37 Siege Ram
Sahnehäubchen
7:22 Loom
10:02 Feudal Age
12:02 Double-Bit Axe
14:09 Fletching
21:21 Castle Age
20:26 Horse Collar
20:52 Scale Mail Armor
21:04 Padded Archer Armor
21:25 Crossbowman
22:40 Bodkin Arrow
24:19 Squires
25:40 Wheelbarrow
28:29 Heavy Plow
30:18 Ballistics
30:22 Stone Mining
30:21 Town Watch
31:18 Leather Archer Armor
31:14 Forging
32:23 Bow Saw
36:29 Imperial Age
34:47 Gold Mining
35:41 Hand Cart
36:13 Murder Holes
38:12 Chemistry
37:36 Bracer
42:55 Conscription
42:15 Arbalester
43:01 Thumb Ring
46:31 Two-Man Saw
46:56 Chain Mail Armor
46:48 Halberdier
49:12 Iron Casting
54:02 Ring Archer Armor
54:33 Blast Furnace
Connection lost

Rejoining the realm…

Still unreachable

The connection could not be restored.

Session expired

The server has moved on; the page needs a fresh start.